AoeStats
← ccya

Fortress

510501934Analyzed
1v1 RM · 1d ago on Oct 1, 2026· 36m 47s· 2 players
Game mode
Random Map
Map size
Small (3 player)
Population
200
Speed
Normal
Resources
Standard
Victory
Conquest
Starting age
Dark Age
Ending age
Imperial Age
RankedLock teamsTeams togetherTeam positionsShared explorationLock speedFull tech treeHidden civsTurbo modeCheats
Victory
Defeat
🇨🇳 Spanish · China
1002
+16
🇨🇳 Turks · China
1011
-16
ccya
8:04 Feudal Age
8:11 Feudal Age
7:41 Loom
10:38 Double-Bit Axe
10:40 Horse Collar
14:58 Castle Age
13:36 Wheelbarrow
13:56 Gold Mining
17:24 Bloodlines
23:13 Husbandry
23:09 Fletching
32:40 Imperial Age
29:58 Town Watch
31:07 Bodkin Arrow
Liz
0:25 Loom
8:18 Feudal Age
12:34 Castle Age
10:57 Double-Bit Axe
11:14 Horse Collar
12:01 Gold Mining
14:13 Bow Saw
15:16 Heavy Plow
30:50 Imperial Age
29:52 Fletching
36:04 Imperial Age
Connection lost

Rejoining the realm…

Still unreachable

The connection could not be restored.

Session expired

The server has moved on; the page needs a fresh start.